 Dungeon Crawl Stone Soup version 0.30-a0-161-gdd60e06945 (webtiles) character file.

Game seed: 7465801956825364064

527 qw the Chopper (level 7, -1/43 HPs)
             Began as a Gargoyle Fighter on Sept 27, 2022.
             Slain by Pikel
             ... wielding a +0 whip of flaming
              (2 damage)
             ... on level 4 of the Dungeon.
             The game lasted 00:01:17 (3602 turns).

qw the Chopper (Gargoyle Fighter)                   Turns: 3602, Time: 00:01:17

Health: -1/43      AC: 15    Str: 21    XL:     7   Next: 23%
Magic:  7/7        EV:  7    Int:  9    God:
Gold:   90         SH:  4    Dex:  9    Spells: 6/6 levels left

rFire   . . .      SeeInvis .    Y - +3 war axe
rCold   . . .      Faith    .    c - +0 buckler
rNeg    + . .      Spirit   .    k - +0 chain mail
rPois   inf        Reflect  .    (no helmet)
rElec   +          Harm     .    (no cloak)
rCorr   .          Rampage  .    g - +0 pair of gloves
Will    .....                    (no boots)
Stlth   ..........               (no amulet)
HPRegen 0.14/turn                (no ring)
MPRegen 0.10/turn                (no ring)

@: about to teleport
A: sickness immunity, AC +4, negative energy resistance 1, electricity
resistance, torment resistance 1, petrification resistance
a: no special abilities


You were on level 4 of the Dungeon.
You visited 1 branch of the dungeon, and saw 4 of its levels.

You collected 90 gold pieces.


Innate Abilities, Weirdness & Mutations

You are immune to sickness and miasma.
Your stone body is resilient. (AC +4)
You are immune to poison.
You resist negative energy. (rN+)
You are resistant to electric shocks. (rElec)
You are resistant to unholy torment.
You are immune to petrification.


   Skills:
 - Level 4.0 Fighting
 + Level 6.5 Axes
 - Level 3.2 Armour
 - Level 1.3 Dodging
 - Level 3.2 Shields


You had 6 spell levels left.
You didn't know any spells.
Your spell library was empty.

Inventory:

Hand Weapons
 f - a +0 flail
 Y - a +3 war axe (weapon)
Armour
 c - a +0 buckler (worn)
 g - a +0 pair of gloves (worn)
 k - a +0 chain mail (worn)
Jewellery
 i - a ring of fire
Scrolls
 b - a scroll of amnesia {unknown}
 e - a scroll of identify
 m - a scroll of immolation {unknown}
Potions
 a - a potion of heal wounds {unknown}
 d - a potion of might
 h - a potion of cancellation {unknown}

Dungeon Overview and Level Annotations

Branches:
Dungeon (4/15)
 Temple: D:4-7

Altars:
Dithmenos
Kikubaaqudgha
Sif Muna
Vehumet
Xom

Shops:
D:1 ?

Annotations:
D:4 Pikel


Message History

You hit the lemure. You hit Pikel. The lemure hits you.
The lemure barely misses you. Pikel hits you but does no damage.
The lemure hits you but does no damage. You block the lemure's attack.
Pikel closely misses you. The lemure completely misses you.
You slash the lemure!
The lemure is almost dead.
You closely miss Pikel. You slash the lemure! x2
The lemure hits you. Pikel hits you but does no damage.
You block the lemure's attack. The lemure hits you but does no damage.
You completely miss the lemure.
The lemure is almost dead.
You hit the lemure. You closely miss the lemure.
You hit Pikel but do no damage. The lemure barely misses you.
The lemure hits you.
Pikel hits you with a +0 whip of flaming.
Pikel burns you. The lemure closely misses you.
You slash the lemure!
You kill the lemure!
That felt strangely unrewarding.
You hit Pikel. You barely miss the lemure. x2
The lemure closely misses you.
Pikel hits you with a +0 whip of flaming!
Pikel burns you. The lemure hits you but does no damage.
3600 ||| READING scroll of teleportation.
As you read the scroll of teleportation, it crumbles to dust.
You feel strangely unstable. The lemure hits you but does no damage.
Pikel hits you but does no damage. The lemure barely misses you.
You barely miss the lemure.
The lemure is severely wounded.
You hit the lemure. You slash Pikel! You hit the worm.
The lemure hits you but does no damage. The lemure barely misses you.
Pikel hits you with a +0 whip of flaming.
Pikel burns you. The worm barely misses you. You block the lemure's attack.
Pikel says, "Hell isn't that bad."
Pikel barely misses you. The lemure hits you.
You barely miss the lemure.
The lemure is severely wounded.
You hit Pikel. You hit the worm. You slash the lemure!
Pikel hits you with a +0 whip of flaming.
You die...

#.).#.).#.).# ...
##'###'###'## ...#
#...........#....# w
#....}.}....#....## #[
##....}....##.....# #..
##..}.}..###...... ...
##.....##.....#.# ..
####.###........#
#..##.##@5.....#.......#
......%5Kw.##?##.......#
..................#......##
....................%....#
..................##....##
........................#
.......................####
##.........................##
......#%.....####...........#


You could see Pikel, 2 lemures and a worm.

Vanquished Creatures
  Sigmund (D:2)
  2 lemures (D:4)
  A hound (D:4)
  A jelly (D:4)
  2 orc priests (D:3)
  Jessica (D:2)
  4 orc wizards
  4 adders
  3 worms
  A dart slug (D:1)
  2 orcs (D:3)
  6 ball pythons
  A bat skeleton (D:2)
  3 endoplasms
  2 giant cockroaches
  7 goblins
  5 hobgoblins
  3 jackals (D:2)
  5 kobolds
  2 quokkas (D:2)
  2 ball python zombies (D:2)
  10 bats
  11 frilled lizards
  A giant cockroach zombie (D:2)
  A quokka zombie (D:2)
  6 rats
87 creatures vanquished.

Vanquished Creatures (others)
  2 withered plants (D:2)
2 creatures vanquished.

Grand Total: 89 creatures vanquished

Notes
Turn   | Place    | Note
-------+----------+-------------------------------------------
     0 | D:1      | qw the Gargoyle Fighter began the quest for the Orb.
     0 | D:1      | Reached XP level 1. HP: 14/14 MP: 1/1
     0 | D:1      | 0 ||| qw: Version: 0.2-a-10-g37ed214
     0 | D:1      | 0 ||| qw: Game counter: 664
     0 | D:1      | 0 ||| qw: Always use a shield: true
     0 | D:1      | 0 ||| qw: God list: Okawaru
     0 | D:1      | 0 ||| qw: Allow faded altars: false
     0 | D:1      | 0 ||| qw: Do Orc after D:15 true
     0 | D:1      | 0 ||| qw: Do second Lair branch before Depths: true
     0 | D:1      | 0 ||| qw: Lair rune preference: random
     0 | D:1      | 0 ||| qw: Plans: Normal, Zot:1-4, God:TSO, Crypt, Tomb,
                  | Pan, Slime:5, Hells, Abyss, Orb
     0 | D:1      | 0 ||| PLANNING D:1-11
    36 | D:1      | Reached skill level 2 in Axes
   185 | D:1      | Reached XP level 2. HP: 13/19 MP: 2/2
   282 | D:1      | Found Sehygi's Magic Scroll Boutique.
   290 | D:1      | 290 ||| SHOPLISTING scroll of enchant armour (105 gold,
                  | have 0).
   290 | D:1      | 290 ||| SHOPLISTING scroll of enchant weapon (105 gold,
                  | have 0).
   290 | D:1      | 290 ||| SHOPLISTING scroll of identify (28 gold, have 0).
   290 | D:1      | 290 ||| SHOPLISTING scroll of teleportation (42 gold, have
                  | 0).
   678 | D:1      | 678 ||| Stepping ~*~*~tactically~*~*~ (stealth).
   679 | D:1      | 679 ||| Stepping ~*~*~tactically~*~*~ (stealth).
   693 | D:1      | Reached skill level 3 in Axes
   718 | D:1      | Found a faded altar of an unknown god.
   763 | D:1      | Reached XP level 3. HP: 23/23 MP: 3/3
  1131 | D:1      | 1131 ||| Stepping ~*~*~tactically~*~*~ (stealth).
  1133 | D:1      | 1133 ||| Stepping ~*~*~tactically~*~*~ (stealth).
  1430 | D:1      | 1430 ||| READING 3 scrolls labelled XEUNUXAUPRO.
  1431 | D:1      | 1431 ||| READING 2 scrolls of enchant weapon.
  1431 | D:1      | 1431 ||| ENCHANTING +1 war axe.
  1432 | D:1      | 1432 ||| READING scroll of enchant weapon.
  1432 | D:1      | 1432 ||| ENCHANTING +2 war axe.
  1433 | D:1      | 1433 ||| READING scroll labelled GUKHUNK XEADGH.
  1434 | D:1      | 1434 ||| READING scroll labelled REIKLY AZADWAH.
  1435 | D:1      | 1435 ||| READING scroll labelled USAINO YQ LAGA.
  1459 | D:2      | 1459 ||| STAIRDANCE
  1537 | D:2      | Noticed Sigmund
  1538 | D:2      | 1538 ||| Stepping ~*~*~tactically~*~*~ (hiding).
  1546 | D:2      | Killed Sigmund
  1547 | D:2      | Reached skill level 5 in Axes
  1547 | D:2      | Reached XP level 4. HP: 26/28 MP: 4/4
  1547 | D:2      | Reached XP level 5. HP: 30/32 MP: 5/5
  1587 | D:2      | 1587 ||| Stepping ~*~*~tactically~*~*~ (stealth).
  1594 | D:2      | 1594 ||| Stepping ~*~*~tactically~*~*~ (stealth).
  1618 | D:2      | Noticed Jessica
  1619 | D:2      | 1619 ||| Stepping ~*~*~tactically~*~*~ (stealth).
  1624 | D:2      | Killed Jessica
  1625 | D:2      | Reached XP level 6. HP: 38/38 MP: 6/6
  1850 | D:2      | 1850 ||| DROPPING +0 club.
  1993 | D:2      | 1993 ||| Stepping ~*~*~tactically~*~*~ (stealth).
  2019 | D:2      | 2019 ||| DROPPING +0 whip.
  2086 | D:2      | 2086 ||| UPGRADING to +0 pair of gloves.
  2091 | D:2      | 2091 ||| READING scroll labelled WUABRO YDYO.
  2096 | D:2      | 2096 ||| READING scroll labelled TEPNAE YCEEGEO.
  2097 | D:2      | 2097 ||| DRINKING 2 coppery potions.
  2405 | D:3      | 2405 ||| Stepping ~*~*~tactically~*~*~ (stealth).
  2414 | D:3      | Reached skill level 1 in Dodging
  2420 | D:3      | 2420 ||| Stepping ~*~*~tactically~*~*~ (water).
  2615 | D:3      | Found a shimmering altar of Xom.
  2641 | D:3      | Found a shadowy altar of Dithmenos.
  3214 | D:3      | 3214 ||| UPGRADING to +0 chain mail.
  3224 | D:3      | 3224 ||| DROPPING +0 scale mail.
  3225 | D:3      | 3225 ||| READING 2 scrolls labelled AFUEPSI URONO.
  3226 | D:3      | 3226 ||| DROPPING scroll of blinking.
  3291 | D:4      | 3291 ||| Stepping ~*~*~tactically~*~*~ (stealth).
  3371 | D:4      | Reached skill level 6 in Axes
  3388 | D:4      | Found a radiant altar of Vehumet.
  3389 | D:4      | 3389 ||| DRINKING potion of curing.
  3389 | D:4      | 3389 ||| (to cure confusion)
  3393 | D:4      | Reached XP level 7. HP: 34/43 MP: 7/7
  3456 | D:4      | Found an ancient bone altar of Kikubaaqudgha.
  3465 | D:4      | Found a shimmering blue altar of Sif Muna.
  3483 | D:4      | 3483 ||| Stepping ~*~*~tactically~*~*~ (stealth).
  3574 | D:4      | 3574 ||| Stepping ~*~*~tactically~*~*~ (stealth).
  3576 | D:4      | Noticed Pikel
  3587 | D:4      | 3587 ||| Stepping ~*~*~tactically~*~*~ (stealth).
  3599 | D:4      | HP: 9/43 [Pikel/+0 whip of flaming (2)]
  3600 | D:4      | 3600 ||| READING scroll of teleportation.
  3601 | D:4      | HP: 1/43 [lemure[Pikel] (4)]
  3602 | D:4      | Slain by Pikel

Levels and vault maps discovered:
D:1:      lemuel_arrival_broad_hall, layout_loops_corners, serial_shops, shop,
          ebering_ecumenical_altar_sacrificial, minmay_liquid_box,
          minmay_lizard_pond
D:2:      layout_rooms, serial_undead, serial_undead_a, serial_undead_b,
          serial_undead_c, serial_undead_e, kennysheep_cluttered_room,
          hangedman_decor_points, uniq_sigmund, uniq_jessica
D:3:      layout_basic, mainiacjoe_overflow_two_lobes, roderic_serpentine_path,
          kennysheep_boxes
D:4:      layout_cave_pools, palyth_temple_overflow_mages,
          minmay_temple_entry_from_below_a, amethyst_killhole,
          grunt_ministairs_3, nicolae_wormholes, uniq_pikel

Skill      XL: |  1  2  3  4  5  6 |
---------------+-------------------+-----
Axes           | 2 3 5 6 |  6.5
Fighting       | 4 |  4.0
Dodging        | 1 |  1.3
Armour         | |  3.2
Shields        | |  3.2

Action                   |  1- 3 |  4- 6 |  7- 9 || total
-------------------------+-------+-------+-------++-------
Melee: War axe           |   126 |    96 |    34 ||   256
  Use: Scroll            |     6 |     3 |     1 ||    10
       Potion            |       |     2 |       ||     2
Armor: Scale mail        |    56 |    44 |       ||   100
       Chain mail        |       |     1 |    37 ||    38
Dodge: Dodged            |    46 |    42 |    18 ||   106
Block: Buckler           |    24 |    14 |     9 ||    47

Table legend:
 A = Non-vault XP
 B = Vault XP
 C = Vault XP percentage of total XP
 D = Non-vault monster count
 E = Vault monster count
 F = Vault count percentage of total count
                 A         B        C        D         E       F
            +---------+---------+-------+---------+---------+-------
      Total |     371 |     383 |  50.8 |      69 |      16 |  18.8
            +---------+---------+-------+---------+---------+-------
        D:1 |      46 |       6 |  11.5 |      27 |       6 |  18.2
        D:2 |      57 |     269 |  82.5 |      20 |       7 |  25.9
        D:3 |     168 |       0 |   0.0 |      16 |       0 |   0.0
        D:4 |     100 |     108 |  51.9 |       6 |       3 |  33.3
            +---------+---------+-------+---------+---------+-------
